Maple Leafs vs Red Wings (R2)

Created - 3 novembre 2012 at 21:15

Simulating a Pre-Season

Goals
1 2 3 T
Maple Leafs 1 1 1 3
Red Wings 0 1 0 1
Shots
1 2 3 T
Maple Leafs 7 10 12 29
Red Wings 14 8 6 28

1st period

1. Maple Leafs , Brad Boyes 4 (Dustin Penner, Rob Niedermayer) at 9:37

Penalties :
Jason Spezza (Det) for Hooking (Minor) at 2:28

2nd period

2. Red Wings , Brian Sutherby 1 (Peter Schaefer, Branislav Mezei) at 12:11
3. Maple Leafs , Claude Giroux 4 (Eric Brewer) at 17:15

Penalties :
Eric Brewer (Tor) for High sticking (Minor) at 0:35, Derek Roy (Tor) for Slashing (Minor) at 9:20, Dion Phaneuf (Tor) for Roughing (Minor) at 9:33, Brian Sutherby (Det) for Holding (Minor) at 12:47, Brett Clark (Tor) for Tripping (Minor) at 17:22

3rd period

4. Maple Leafs , Claude Giroux 5 (Peter Forsberg) at 12:55 (PP)

Penalties :
Kim Johnsson (Det) for Boarding (Minor) at 0:13, Dion Phaneuf (Tor) for Roughing (Double Minor) at 2:16, Mathieu Dandenault (Det) for Tripping (Minor) at 6:46, Martin Straka (Det) for Interference (Minor) at 11:07, Johnny Oduya (Det) for Slashing (Minor) at 12:31, Branislav Mezei (Det) for High sticking (Minor) at 14:26, Steve Ott (Tor) for Tripping (Minor) at 17:13

Goalie Stats

Mike Dunham (Tor), 27 saves from 28 shots - (0,964), W, 2-0-0, 60:00 minutes
Jonathan Quick (Det), 26 saves from 29 shots - (0,897), L, 0-2-1, 60:00 minutes

Players Stats for Maple Leafs

Player Name              G  A  P  +/- PIM S  H  SB GA TA FO     MP     PP MP  PK MP  
------------------------------------------------------------------------------------
Alex Goligoski           0  0  0  -1  0   0  0  0  0  1  0/0    21:13   4:46   5:14 
Andy Hilbert             0  0  0   0  0   0  0  0  0  0  0/0     7:58   0:00   2:10 
Brad Boyes               1  0  1   0  0   4  2  1  0  0  0/0    18:39   5:44   2:53 
Brent Burns              0  0  0   0  0   0  1  1  0  0  0/0     9:47   0:00   1:51 
Brett Clark              0  0  0  -1  2   0  1  1  1  2  0/0    20:07   4:46   3:25 
Byron Bitz               0  0  0   0  0   0  3  0  1  0  0/0     7:47   0:00   0:00 
Claude Giroux            2  0  2   1  0   7  2  1  2  0  2/2    24:09   7:30   5:35 
Derek Roy                0  0  0   0  2   2  6  2  0  0  2/11   15:44   5:44   0:25 
Dion Phaneuf             0  0  0   2  6   4  3  2  1  1  0/0    26:53   8:28   3:15 
Dustin Penner            0  1  1   0  0   1  2  2  0  0  0/2    15:15   5:44   0:00 
Eric Brewer              0  1  1   2  2   2  1  3  0  3  0/0    29:29   8:28   5:44 
Jordan Leopold           0  0  0   0  0   0  0  1  0  2  0/0    13:22   0:00   4:46 
Paul Stastny             0  0  0   0  0   2  1  0  0  0  2/5     7:25   0:00   0:00 
Peter Forsberg           0  1  1   1  0   2  2  0  0  0  24/41  24:54   7:30   6:20 
Rob Niedermayer          0  1  1   0  0   1  0  0  0  0  2/2     8:19   0:00   2:14 
Scott Walker             0  0  0   0  0   1  1  0  0  0  0/0     5:35   0:00   0:00 
Steve Ott                0  0  0   0  2   1  0  0  0  0  0/0     7:49   0:00   0:00 
Zach Parise              0  0  0   1  0   2  2  0  0  0  1/2    21:35   7:30   2:53 

Players Stats for Red Wings

Player Name              G  A  P  +/- PIM S  H  SB GA TA FO     MP     PP MP  PK MP  
------------------------------------------------------------------------------------
Antti Miettinen          0  0  0  -1  0   2  0  0  1  0  0/1    15:46   5:05   0:00 
Branislav Mezei          0  1  1   1  2   4  1  1  0  0  0/0    16:58   0:00   7:06 
Brian Pothier            0  0  0  -1  0   1  0  0  0  0  0/0    16:42   4:16   2:22 
Brian Sutherby           1  0  1   1  2   2  0  0  0  0  2/5    12:05   0:43   1:55 
Christian Backman        0  0  0  -1  0   1  0  0  2  1  0/0    17:31   0:00   8:21 
Jan Bulis                0  0  0   0  0   0  0  0  0  0  3/8    10:12   0:00   4:40 
Jarome Iginla            0  0  0  -1  0   1  2  3  0  0  1/4    23:18   6:30   7:36 
Jason Spezza             0  0  0  -1  2   1  0  0  1  1  20/36  22:43   6:20   7:09 
Johnny Oduya             0  0  0   1  2   1  0  0  1  0  0/0    19:38   4:16   4:15 
Kim Johnsson             0  0  0  -1  2   2  2  1  1  1  0/0    26:45   7:52   4:08 
Lubos Bartecko           0  0  0   0  0   3  2  0  0  0  0/0     6:10   0:33   0:00 
Martin Straka            0  0  0  -1  2   1  3  0  0  0  6/9    15:48   5:05   0:12 
Mathieu Dandenault       0  0  0   1  2   0  1  0  0  0  0/1    12:02   0:00   3:19 
Mike York                0  0  0   0  0   3  0  0  0  2  0/0     8:04   0:43   1:07 
Milan Michalek           0  0  0  -1  0   1  1  2  1  0  0/1    15:37   5:05   0:00 
Paul Martin              0  0  0  -1  0   1  1  2  1  0  0/0    22:54   7:52   0:16 
Peter Schaefer           0  1  1   1  0   0  0  0  0  0  0/0     8:40   0:00   0:00 
Sean Bergenheim          0  0  0  -1  0   4  1  1  1  0  0/0    15:18   6:20   0:00 

3 Stars

1 - Claude Giroux (Tor)
2 - Mike Dunham (Tor)
3 - Brad Boyes (Tor)

Power Play

Maple Leafs - 1 on 7 Attempt(s) - 14,29%
Red Wings - 0 on 7 Attempt(s) - 0,00%

Penalty Kill

Maple Leafs - 7 on 7 Attempt(s) - 100,00% - Score 0 goal in Penalty Kill
Red Wings - 6 on 7 Attempt(s) - 85,71% - Score 0 goal in Penalty Kill

Official

Referees : Banfield David and Pochmara Brian
Linesman : Darren Gibbs and Andy McElman

Game Notes

No Game Note

Maple Leafs

5 vs 5 Forward 
   Center                   Left Wing                Right Wing               Time % Phy DF OF 
 1 Peter Forsberg           Zach Parise              Claude Giroux            40     1   2  2  
 2 Derek Roy                Dustin Penner            Brad Boyes               30     1   2  2  
 3 Paul Stastny             Steve Ott                Byron Bitz               20     1   2  2  
 4 Rob Niedermayer          Andy Hilbert             Scott Walker             10     1   2  2  

5 vs 5 Defense 
   Defense                  Defense                                           Time % Phy DF OF 
 1 Dion Phaneuf             Eric Brewer                                       40     1   2  2  
 2 Brett Clark              Alex Goligoski                                    30     1   2  2  
 3 Brent Burns              Jordan Leopold                                    20     1   2  2  
 4 Dion Phaneuf             Eric Brewer                                       10     1   2  2  

PowerPlay Forward 
   Center                   Left Wing                Right Wing               Time % Phy DF OF 
 1 Peter Forsberg           Zach Parise              Claude Giroux            60     1   2  2  
 2 Derek Roy                Dustin Penner            Brad Boyes               40     1   2  2  

PowerPlay Defense
   Defense                  Defense                                           Time % Phy DF OF 
 1 Dion Phaneuf             Eric Brewer                                       60     1   2  2  
 2 Brett Clark              Alex Goligoski                                    40     1   2  2  

Penalty Kill 4 Players Forward 
   Center                   Wing                     Time % Phy DF OF 
 1 Peter Forsberg           Claude Giroux            60     1   2  2  
 2 Zach Parise              Brad Boyes               40     1   2  2  

Penalty Kill 4 Players Defense
   Defense                  Defense                  Time % Phy DF OF 
 1 Dion Phaneuf             Eric Brewer              60     1   2  2  
 2 Brett Clark              Alex Goligoski           40     1   2  2  

Penalty Kill - 3 Players Forward 
   Forward                                           Time % Phy DF OF 
 1 Peter Forsberg                                    60     1   2  2  
 2 Claude Giroux                                     40     1   2  2  

Penalty Kill - 3 Players Defense
   Defense                  Defense                  Time % Phy DF OF 
 1 Dion Phaneuf             Eric Brewer              60     1   2  2  
 2 Brett Clark              Alex Goligoski           40     1   2  2  

4 vs 4 Forward 
   Center                   Wing                     Time % Phy DF OF 
 1 Peter Forsberg           Claude Giroux            60     1   2  2  
 2 Zach Parise              Brad Boyes               40     1   2  2  

4 vs 4 Defense
   Defense                  Defense                  Time % Phy DF OF 
 1 Dion Phaneuf             Eric Brewer              60     1   2  2  
 2 Brett Clark              Alex Goligoski           40     1   2  2  

Last Minutes Offensive
   Center                   Left Wing                Right Wing               Defense                  Defense                  
   Peter Forsberg           Zach Parise              Claude Giroux            Dion Phaneuf             Eric Brewer              

Last Minutes Defensive
   Center                   Left Wing                Right Wing               Defense                  Defense                  
   Peter Forsberg           Zach Parise              Claude Giroux            Dion Phaneuf             Eric Brewer              

Goaltenders
Starting : Mike Dunham              
Backup : Marc-André Fleury        

Extra Forwards
Normal : Byron Bitz, Steve Ott, Rob Niedermayer - PP : Byron Bitz, Steve Ott - PK : Rob Niedermayer
Extra Defensemen
Normal : Brent Burns, Jordan Leopold, Brett Clark - PP : Brent Burns - PK : Jordan Leopold, Brett Clark
Penalty Shots
Peter Forsberg, Claude Giroux, Zach Parise, Brad Boyes, Derek Roy

Red Wings

5 vs 5 Forward 
   Center                   Left Wing                Right Wing               Time % Phy DF OF 
 1 Jason Spezza             Sean Bergenheim          Jarome Iginla            40     1   2  2  
 2 Martin Straka            Milan Michalek           Antti Miettinen          30     1   2  2  
 3 Brian Sutherby           Peter Schaefer           Mathieu Dandenault       20     1   2  2  
 4 Jan Bulis                Mike York                Lubos Bartecko           10     1   2  2  

5 vs 5 Defense 
   Defense                  Defense                                           Time % Phy DF OF 
 1 Kim Johnsson             Paul Martin                                       40     1   2  2  
 2 Branislav Mezei          Johnny Oduya                                      30     1   2  2  
 3 Christian Backman        Brian Pothier                                     20     1   2  2  
 4 Kim Johnsson             Paul Martin                                       10     1   2  2  

PowerPlay Forward 
   Center                   Left Wing                Right Wing               Time % Phy DF OF 
 1 Jason Spezza             Sean Bergenheim          Jarome Iginla            60     1   2  2  
 2 Martin Straka            Milan Michalek           Antti Miettinen          40     1   2  2  

PowerPlay Defense
   Defense                  Defense                                           Time % Phy DF OF 
 1 Kim Johnsson             Paul Martin                                       60     1   2  2  
 2 Johnny Oduya             Brian Pothier                                     40     1   2  2  

Penalty Kill 4 Players Forward 
   Center                   Wing                     Time % Phy DF OF 
 1 Jason Spezza             Jarome Iginla            60     1   2  2  
 2 Jan Bulis                Mathieu Dandenault       40     1   2  2  

Penalty Kill 4 Players Defense
   Defense                  Defense                  Time % Phy DF OF 
 1 Branislav Mezei          Christian Backman        60     1   2  2  
 2 Kim Johnsson             Johnny Oduya             40     1   2  2  

Penalty Kill - 3 Players Forward 
   Forward                                           Time % Phy DF OF 
 1 Jason Spezza                                      60     1   2  2  
 2 Jan Bulis                                         40     1   2  2  

Penalty Kill - 3 Players Defense
   Defense                  Defense                  Time % Phy DF OF 
 1 Branislav Mezei          Christian Backman        60     1   2  2  
 2 Kim Johnsson             Johnny Oduya             40     1   2  2  

4 vs 4 Forward 
   Center                   Wing                     Time % Phy DF OF 
 1 Jason Spezza             Jarome Iginla            60     1   2  2  
 2 Martin Straka            Antti Miettinen          40     1   2  2  

4 vs 4 Defense
   Defense                  Defense                  Time % Phy DF OF 
 1 Kim Johnsson             Paul Martin              60     1   2  2  
 2 Johnny Oduya             Branislav Mezei          40     1   2  2  

Last Minutes Offensive
   Center                   Left Wing                Right Wing               Defense                  Defense                  
   Jason Spezza             Sean Bergenheim          Jarome Iginla            Kim Johnsson             Paul Martin              

Last Minutes Defensive
   Center                   Left Wing                Right Wing               Defense                  Defense                  
   Jason Spezza             Peter Schaefer           Jarome Iginla            Branislav Mezei          Christian Backman        

Goaltenders
Starting : Jonathan Quick           
Backup : Mike Smith               

Extra Forwards
Normal : Jan Bulis, Mike York, Lubos Bartecko - PP : Brian Sutherby, Mike York - PK : Brian Sutherby
Extra Defensemen
Normal : Christian Backman, Brian Pothier, Branislav Mezei - PP : Branislav Mezei - PK : Brian Pothier, Paul Martin
Penalty Shots
Jarome Iginla, Antti Miettinen, Jason Spezza, Brian Sutherby, Peter Schaefer

% Time on Ice - Maple Leafs

Lines # - Real PCT - Wanted PCT - Time Play
Normal Forward
1 - 34% - 40% - 11:47
2 - 28% - 30% - 9:51
3 - 21% - 20% - 7:25
4 - 16% - 10% - 5:35
Normal Defense
1 - 43% - 40% - 14:45
2 - 31% - 30% - 10:34
3 - 24% - 20% - 8:14
4 - 3% - 10% - 1:05
PP Forward
1 - 57% - 60% - 7:30
2 - 43% - 40% - 5:44
PP Defense
1 - 64% - 60% - 8:28
2 - 36% - 40% - 4:46
PK Forward
1 - 72% - 60% - 7:29
2 - 28% - 40% - 2:53
PK Defense
1 - 65% - 60% - 6:47
2 - 35% - 40% - 3:35
PK3 Forward
1 - 82% - 60% - 1:27
2 - 18% - 40% - 0:19
PK3 Defense
1 - 70% - 60% - 1:14
2 - 30% - 40% - 0:32
44 Forward
1 - 0% - 60%
2 - 0% - 40%
44 Defense
1 - 0% - 60%
2 - 0% - 40%
Last Minute Offensive  - 0:00
Last Minute Defensive  - 0:00
Total
Forward - 60:00
Defense - 60:00

% Time on Ice - Red Wings

Lines # - Real PCT - Wanted PCT - Time Play
Normal Forward
1 - 30% - 40% - 10:14
2 - 30% - 30% - 10:32
3 - 25% - 20% - 8:40
4 - 15% - 10% - 5:12
Normal Defense
1 - 36% - 40% - 12:36
2 - 32% - 30% - 11:07
3 - 25% - 20% - 8:45
4 - 6% - 10% - 2:10
PP Forward
1 - 58% - 60% - 7:03
2 - 42% - 40% - 5:05
PP Defense
1 - 65% - 60% - 7:52
2 - 35% - 40% - 4:16
PK Forward
1 - 69% - 60% - 8:45
2 - 31% - 40% - 4:01
PK Defense
1 - 62% - 60% - 7:53
2 - 38% - 40% - 4:53
PK3 Forward
1 - 100% - 60% - 0:28
2 - 0% - 40% - 0:00
PK3 Defense
1 - 100% - 60% - 0:28
2 - 0% - 40% - 0:00
44 Forward
1 - 0% - 60%
2 - 0% - 40%
44 Defense
1 - 0% - 60%
2 - 0% - 40%
Last Minute Offensive  - 0:00
Last Minute Defensive  - 0:00
Total
Forward - 60:00
Defense - 60:00

Play by Play

1st period


0:01 of 1st period - Jason Spezza wins face-off versus Peter Forsberg in neutral zone.
0:10 of 1st period - Wrist shot by Jarome Iginla.
0:10 of 1st period - Shot Blocked by Eric Brewer.
0:12 of 1st period - Slapshot by Sean Bergenheim.
0:12 of 1st period - Stopped by Mike Dunham without a rebound.
0:13 of 1st period - Martin Straka wins face-off versus Derek Roy in Maple Leafs zone.
0:40 of 1st period - Branislav Mezei is hit by Byron Bitz and loses puck.
1:06 of 1st period - Slapshot by Paul Martin.
1:06 of 1st period - Stopped by Mike Dunham with a rebound.
1:08 of 1st period - Slapshot by Kim Johnsson.
1:08 of 1st period - Shot Misses the Net.
1:10 of 1st period - Snap shot by Sean Bergenheim.
1:10 of 1st period - Stopped by Mike Dunham without a rebound.
1:11 of 1st period - Rob Niedermayer wins face-off versus Jan Bulis in Maple Leafs zone.
1:24 of 1st period - Wrist shot by Scott Walker.
1:24 of 1st period - Stopped by Jonathan Quick with a rebound.
1:53 of 1st period - Icing by Dion Phaneuf.
1:54 of 1st period - Martin Straka wins face-off versus Derek Roy in Maple Leafs zone.
1:55 of 1st period - Wrist shot by Antti Miettinen.
1:55 of 1st period - Shot Blocked by Dustin Penner.
1:57 of 1st period - Wrist shot by Antti Miettinen.
1:57 of 1st period - Shot Blocked by Dustin Penner.
1:59 of 1st period - Slapshot by Branislav Mezei.
1:59 of 1st period - Stopped by Mike Dunham with a rebound.
2:01 of 1st period - Backhand shot by Johnny Oduya.
2:01 of 1st period - Stopped by Mike Dunham with a rebound.
2:05 of 1st period - Wrist shot by Milan Michalek.
2:05 of 1st period - Stopped by Mike Dunham with a rebound.
2:07 of 1st period - Wrist shot by Antti Miettinen.
2:07 of 1st period - Stopped by Mike Dunham with a rebound.
2:09 of 1st period - Slapshot by Branislav Mezei.
2:09 of 1st period - Stopped by Mike Dunham with a rebound.
2:27 of 1st period - Wrist shot by Eric Brewer.
2:27 of 1st period - Shot Blocked by Branislav Mezei.
2:28 of 1st period - Minor Penalty to Jason Spezza for Hooking.
2:29 of 1st period - Peter Forsberg wins face-off versus Brian Sutherby in Red Wings zone.
2:56 of 1st period - Jarome Iginla is hit by Brad Boyes.
3:57 of 1st period - Jarome Iginla is hit by Dion Phaneuf.
4:28 of 1st period - Penalty to Jason Spezza is over, Jason Spezza is back on ice.
5:31 of 1st period - Brent Burns is hit by Branislav Mezei and loses puck.
5:50 of 1st period - Wrist shot by Lubos Bartecko.
5:50 of 1st period - Shot Misses the Net.
7:00 of 1st period - Snap shot by Brian Sutherby.
7:00 of 1st period - Shot Blocked by Dion Phaneuf.
7:02 of 1st period - Slapshot by Brian Pothier.
7:02 of 1st period - Shot Hit the Post.
7:04 of 1st period - Slapshot by Christian Backman.
7:04 of 1st period - Shot Blocked by Eric Brewer.
7:06 of 1st period - Wrist shot by Mike York.
7:06 of 1st period - Stopped by Mike Dunham with a rebound.
7:08 of 1st period - Snap shot by Lubos Bartecko.
7:08 of 1st period - Stopped by Mike Dunham without a rebound.
7:09 of 1st period - Peter Forsberg wins face-off versus Jason Spezza in Maple Leafs zone.
7:20 of 1st period - Branislav Mezei is hit by Zach Parise and loses puck.
8:01 of 1st period - Snap shot by Byron Bitz.
8:01 of 1st period - Shot Misses the Net.
8:07 of 1st period - Snap shot by Steve Ott.
8:07 of 1st period - Stopped by Jonathan Quick without a rebound.
8:08 of 1st period - Peter Forsberg wins face-off versus Jason Spezza in Red Wings zone.
8:25 of 1st period - Slapshot by Claude Giroux.
8:25 of 1st period - Shot Blocked by Jarome Iginla.
9:14 of 1st period - Brian Pothier is hit by Zach Parise and loses puck.
9:37 of 1st period - Backhand shot by Brad Boyes.
9:37 of 1st period - Goal by Brad Boyes - Maple Leafs : 1 - Red Wings : 0.
9:38 of 1st period - Jason Spezza wins face-off versus Peter Forsberg in neutral zone.
9:48 of 1st period - Wrist shot by Dion Phaneuf.
9:48 of 1st period - Stopped by Jonathan Quick without a rebound.
9:49 of 1st period - Peter Forsberg wins face-off versus Jason Spezza in Red Wings zone.
10:03 of 1st period - Kim Johnsson is hit by Claude Giroux and loses puck.
10:16 of 1st period - Kim Johnsson is hit by Derek Roy and loses puck.
10:25 of 1st period - Brett Clark is hit by Martin Straka and loses puck.
10:34 of 1st period - Milan Michalek is hit by Derek Roy and loses puck.
10:45 of 1st period - Milan Michalek is hit by Dustin Penner and loses puck.
11:58 of 1st period - Snap shot by Brad Boyes.
11:58 of 1st period - Deflect By Paul Martin.
11:58 of 1st period - Shot Misses the Net.
11:58 of 1st period - Puck is out of play.
11:59 of 1st period - Peter Forsberg wins face-off versus Jason Spezza in Red Wings zone.
12:52 of 1st period - Snap shot by Mike York.
12:52 of 1st period - Stopped by Mike Dunham with a rebound.
13:06 of 1st period - Snap shot by Lubos Bartecko.
13:06 of 1st period - Stopped by Mike Dunham without a rebound.
13:07 of 1st period - Peter Forsberg wins face-off versus Jason Spezza in Maple Leafs zone.
14:02 of 1st period - Slapshot by Dion Phaneuf.
14:02 of 1st period - Shot Misses the Net.
15:28 of 1st period - Off-side.
15:29 of 1st period - Martin Straka wins face-off versus Paul Stastny in neutral zone.
16:05 of 1st period - Wrist shot by Peter Schaefer.
16:05 of 1st period - Shot Blocked by Brent Burns.
16:25 of 1st period - Snap shot by Jarome Iginla.
16:25 of 1st period - Stopped by Mike Dunham with a rebound.
16:27 of 1st period - Snap shot by Brian Pothier.
16:27 of 1st period - Shot Blocked by Dion Phaneuf.
16:29 of 1st period - Snap shot by Jason Spezza.
16:29 of 1st period - Shot Misses the Net.
16:38 of 1st period - Off-side.
16:39 of 1st period - Peter Forsberg wins face-off versus Jan Bulis in neutral zone.
17:35 of 1st period - Slapshot by Brian Sutherby.
17:35 of 1st period - Shot Blocked by Derek Roy.
17:37 of 1st period - Slapshot by Branislav Mezei.
17:37 of 1st period - Stopped by Mike Dunham with a rebound.
18:42 of 1st period - Icing by Peter Forsberg.
18:43 of 1st period - Peter Forsberg wins face-off versus Jason Spezza in Maple Leafs zone.
18:48 of 1st period - Slapshot by Dion Phaneuf.
18:48 of 1st period - Stopped by Jonathan Quick without a rebound.
18:49 of 1st period - Derek Roy wins face-off versus Jason Spezza in Red Wings zone.
18:52 of 1st period - Wrist shot by Brad Boyes.
18:52 of 1st period - Stopped by Jonathan Quick without a rebound.
18:53 of 1st period - Jason Spezza wins face-off versus Derek Roy in Red Wings zone.
19:08 of 1st period - Snap shot by Derek Roy.
19:08 of 1st period - Shot Blocked by Jarome Iginla.
19:38 of 1st period - Snap shot by Rob Niedermayer.
19:38 of 1st period - Stopped by Jonathan Quick without a rebound.
19:39 of 1st period - Rob Niedermayer wins face-off versus Martin Straka in Red Wings zone.
19:54 of 1st period - Wrist shot by Martin Straka.
19:54 of 1st period - Deflect By Milan Michalek.
19:54 of 1st period - Shot Misses the Net.
19:54 of 1st period - Puck is out of play.
19:55 of 1st period - Peter Forsberg wins face-off versus Jarome Iginla in Maple Leafs zone.

2nd period


0:01 of 2nd period - Peter Forsberg wins face-off versus Jason Spezza in neutral zone.
0:10 of 2nd period - Wrist shot by Claude Giroux.
0:10 of 2nd period - Shot Blocked by Kim Johnsson.
0:30 of 2nd period - Snap shot by Brian Sutherby.
0:30 of 2nd period - Stopped by Mike Dunham with a rebound.
0:35 of 2nd period - Minor Penalty to Eric Brewer for High sticking.
0:36 of 2nd period - Peter Forsberg wins face-off versus Jason Spezza in Maple Leafs zone.
0:49 of 2nd period - Jordan Leopold is hit by Jarome Iginla and loses puck.
1:26 of 2nd period - Snap shot by Zach Parise.
1:26 of 2nd period - Stopped by Jonathan Quick with a rebound.
2:16 of 2nd period - Derek Roy is hit by Martin Straka and loses puck.
2:35 of 2nd period - Penalty to Eric Brewer is over, Eric Brewer is back on ice.
3:27 of 2nd period - Branislav Mezei is hit by Paul Stastny and loses puck.
3:50 of 2nd period - Martin Straka is hit by Scott Walker and loses puck.
4:10 of 2nd period - Dustin Penner is hit by Lubos Bartecko and loses puck.
5:04 of 2nd period - Slapshot by Claude Giroux.
5:04 of 2nd period - Shot Misses the Net.
5:45 of 2nd period - Snap shot by Paul Stastny.
5:45 of 2nd period - Stopped by Jonathan Quick without a rebound.
5:46 of 2nd period - Martin Straka wins face-off versus Paul Stastny in Red Wings zone.
6:08 of 2nd period - Martin Straka is hit by Byron Bitz.
6:24 of 2nd period - Wrist shot by Zach Parise.
6:24 of 2nd period - Shot Blocked by Jarome Iginla.
6:30 of 2nd period - Peter Forsberg is hit by Sean Bergenheim and loses puck.
6:45 of 2nd period - Brad Boyes is hit by Paul Martin and loses puck.
7:39 of 2nd period - Wrist shot by Milan Michalek.
7:39 of 2nd period - Shot Misses the Net.
7:55 of 2nd period - Brad Boyes is hit by Kim Johnsson and loses puck.
8:00 of 2nd period - Snap shot by Mike York.
8:00 of 2nd period - Stopped by Mike Dunham with a rebound.
9:04 of 2nd period - Brian Pothier is hit by Brett Clark and loses puck.
9:13 of 2nd period - Snap shot by Paul Stastny.
9:13 of 2nd period - Shot Blocked by Milan Michalek.
9:20 of 2nd period - Minor Penalty to Derek Roy for Slashing.
9:21 of 2nd period - Jason Spezza wins face-off versus Peter Forsberg in Maple Leafs zone.
9:33 of 2nd period - Minor Penalty to Dion Phaneuf for Roughing.
9:34 of 2nd period - Peter Forsberg wins face-off versus Jason Spezza in Maple Leafs zone.
9:45 of 2nd period - Snap shot by Jason Spezza.
9:45 of 2nd period - Shot Blocked by Jordan Leopold.
9:47 of 2nd period - Snap shot by Sean Bergenheim.
9:47 of 2nd period - Stopped by Mike Dunham with a rebound.
9:49 of 2nd period - Slapshot by Kim Johnsson.
9:49 of 2nd period - Stopped by Mike Dunham without a rebound.
9:50 of 2nd period - Jason Spezza wins face-off versus Peter Forsberg in Maple Leafs zone.
10:25 of 2nd period - Slapshot by Kim Johnsson.
10:25 of 2nd period - Shot Hit the Post.
11:20 of 2nd period - Penalty to Derek Roy is over, Derek Roy is back on ice.
11:33 of 2nd period - Penalty to Dion Phaneuf is over, Dion Phaneuf is back on ice.
11:40 of 2nd period - Brian Sutherby is hit by Derek Roy and loses puck.
11:47 of 2nd period - Snap shot by Dustin Penner.
11:47 of 2nd period - Stopped by Jonathan Quick without a rebound.
11:48 of 2nd period - Brian Sutherby wins face-off versus Dustin Penner in Red Wings zone.
11:48 of 2nd period - Brian Sutherby is hit by Derek Roy.
11:53 of 2nd period - Johnny Oduya is hit by Derek Roy and loses puck.
11:57 of 2nd period - Off-side.
11:58 of 2nd period - Brian Sutherby wins face-off versus Derek Roy in neutral zone.
12:11 of 2nd period - Snap shot by Brian Sutherby.
12:11 of 2nd period - Goal by Brian Sutherby - Maple Leafs : 1 - Red Wings : 1.
12:12 of 2nd period - Jarome Iginla wins face-off versus Peter Forsberg in neutral zone.
12:37 of 2nd period - Dustin Penner is hit by Mathieu Dandenault and loses puck.
12:46 of 2nd period - Snap shot by Brad Boyes.
12:46 of 2nd period - Stopped by Jonathan Quick with a rebound.
12:47 of 2nd period - Minor Penalty to Brian Sutherby for Holding.
12:48 of 2nd period - Jason Spezza wins face-off versus Peter Forsberg in Red Wings zone.
12:48 of 2nd period - Jason Spezza is hit by Dion Phaneuf.
12:58 of 2nd period - Snap shot by Peter Forsberg.
12:58 of 2nd period - Stopped by Jonathan Quick without a rebound.
12:59 of 2nd period - Jason Spezza wins face-off versus Peter Forsberg in Red Wings zone.
13:09 of 2nd period - Off-side.
13:10 of 2nd period - Jason Spezza wins face-off versus Peter Forsberg in neutral zone.
13:14 of 2nd period - Branislav Mezei is hit by Dion Phaneuf.
13:20 of 2nd period - Wrist shot by Eric Brewer.
13:20 of 2nd period - Stopped by Jonathan Quick with a rebound.
13:22 of 2nd period - Slapshot by Dion Phaneuf.
13:22 of 2nd period - Stopped by Jonathan Quick with a rebound.
14:22 of 2nd period - Icing by Eric Brewer.
14:23 of 2nd period - Claude Giroux wins face-off versus Jan Bulis in Maple Leafs zone.
14:47 of 2nd period - Penalty to Brian Sutherby is over, Brian Sutherby is back on ice.
15:00 of 2nd period - Milan Michalek is hit by Byron Bitz.
15:48 of 2nd period - Wrist shot by Claude Giroux.
15:48 of 2nd period - Stopped by Jonathan Quick with a rebound.
15:53 of 2nd period - Off-side.
15:54 of 2nd period - Martin Straka wins face-off versus Peter Forsberg in neutral zone.
16:03 of 2nd period - Snap shot by Antti Miettinen.
16:03 of 2nd period - Stopped by Mike Dunham without a rebound.
16:04 of 2nd period - Peter Forsberg wins face-off versus Antti Miettinen in Maple Leafs zone.
16:11 of 2nd period - Milan Michalek is hit by Claude Giroux and loses puck.
16:22 of 2nd period - Wrist shot by Claude Giroux.
16:22 of 2nd period - Shot Blocked by Milan Michalek.
16:24 of 2nd period - Snap shot by Eric Brewer.
16:24 of 2nd period - Shot Blocked by Paul Martin.
16:28 of 2nd period - Wrist shot by Claude Giroux.
16:28 of 2nd period - Stopped by Jonathan Quick with a rebound.
17:15 of 2nd period - Snap shot by Claude Giroux.
17:15 of 2nd period - Goal by Claude Giroux - Maple Leafs : 2 - Red Wings : 1.
17:16 of 2nd period - Jason Spezza wins face-off versus Derek Roy in neutral zone.
17:18 of 2nd period - Johnny Oduya is hit by Brad Boyes and loses puck.
17:21 of 2nd period - Slapshot by Jason Spezza.
17:21 of 2nd period - Shot Blocked by Brad Boyes.
17:22 of 2nd period - Minor Penalty to Brett Clark for Tripping.
17:23 of 2nd period - Jason Spezza wins face-off versus Peter Forsberg in Maple Leafs zone.
17:30 of 2nd period - Snap shot by Jarome Iginla.
17:30 of 2nd period - Deflect By Sean Bergenheim.
17:30 of 2nd period - Stopped by Mike Dunham without a rebound.
17:31 of 2nd period - Jason Spezza wins face-off versus Peter Forsberg in Maple Leafs zone.
19:22 of 2nd period - Penalty to Brett Clark is over, Brett Clark is back on ice.
19:22 of 2nd period - Rob Niedermayer is hit by Kim Johnsson and loses puck.
19:34 of 2nd period - Icing by Kim Johnsson.
19:35 of 2nd period - Derek Roy wins face-off versus Brian Sutherby in Red Wings zone.
19:53 of 2nd period - Snap shot by Peter Schaefer.
19:53 of 2nd period - Shot Misses the Net.
19:55 of 2nd period - Slapshot by Kim Johnsson.
19:55 of 2nd period - Deflect By Dustin Penner.
19:55 of 2nd period - Stopped by Mike Dunham without a rebound.
19:56 of 2nd period - Claude Giroux wins face-off versus Milan Michalek in Maple Leafs zone.
19:56 of 2nd period - Dion Phaneuf is hit by Milan Michalek and loses puck.

3rd period


0:01 of 3rd period - Peter Forsberg wins face-off versus Jason Spezza in neutral zone.
0:06 of 3rd period - Wrist shot by Claude Giroux.
0:06 of 3rd period - Stopped by Jonathan Quick with a rebound.
0:12 of 3rd period - Slapshot by Zach Parise.
0:12 of 3rd period - Shot Blocked by Sean Bergenheim.
0:13 of 3rd period - Minor Penalty to Kim Johnsson for Boarding.
0:14 of 3rd period - Jason Spezza wins face-off versus Peter Forsberg in Red Wings zone.
0:46 of 3rd period - Icing by Dustin Penner.
0:47 of 3rd period - Jan Bulis wins face-off versus Derek Roy in Maple Leafs zone.
1:12 of 3rd period - Wrist shot by Derek Roy.
1:12 of 3rd period - Stopped by Jonathan Quick without a rebound.
1:13 of 3rd period - Peter Forsberg wins face-off versus Jan Bulis in Red Wings zone.
2:07 of 3rd period - Icing by Dustin Penner.
2:08 of 3rd period - Jan Bulis wins face-off versus Derek Roy in Maple Leafs zone.
2:13 of 3rd period - Penalty to Kim Johnsson is over, Kim Johnsson is back on ice.
2:16 of 3rd period - Double Minor Penalty to Dion Phaneuf for Roughing.
2:17 of 3rd period - Jason Spezza wins face-off versus Peter Forsberg in Maple Leafs zone.
2:28 of 3rd period - Wrist shot by Jason Spezza.
2:28 of 3rd period - Shot Misses the Net.
2:30 of 3rd period - Slapshot by Sean Bergenheim.
2:30 of 3rd period - Shot Misses the Net.
2:32 of 3rd period - Slapshot by Kim Johnsson.
2:32 of 3rd period - Shot Blocked by Claude Giroux.
2:42 of 3rd period - Claude Giroux is hit by Martin Straka and loses puck.
4:30 of 3rd period - Rob Niedermayer is hit by Lubos Bartecko and loses puck.
5:25 of 3rd period - Milan Michalek is hit by Brent Burns.
5:26 of 3rd period - Icing by Milan Michalek.
5:27 of 3rd period - Zach Parise wins face-off versus Martin Straka in Red Wings zone.
5:28 of 3rd period - Snap shot by Brad Boyes.
5:28 of 3rd period - Shot Blocked by Paul Martin.
5:30 of 3rd period - Snap shot by Eric Brewer.
5:30 of 3rd period - Deflect By Milan Michalek.
5:30 of 3rd period - Stopped by Jonathan Quick without a rebound.
5:31 of 3rd period - Jason Spezza wins face-off versus Zach Parise in Red Wings zone.
6:16 of 3rd period - Penalty to Dion Phaneuf is over, Dion Phaneuf is back on ice.
6:28 of 3rd period - Snap shot by Dion Phaneuf.
6:28 of 3rd period - Stopped by Jonathan Quick with a rebound.
6:35 of 3rd period - Icing by Johnny Oduya.
6:36 of 3rd period - Paul Stastny wins face-off versus Mathieu Dandenault in Red Wings zone.
6:37 of 3rd period - Wrist shot by Steve Ott.
6:37 of 3rd period - Shot Misses the Net.
6:39 of 3rd period - Snap shot by Steve Ott.
6:39 of 3rd period - Shot Misses the Net.
6:41 of 3rd period - Wrist shot by Paul Stastny.
6:41 of 3rd period - Stopped by Jonathan Quick with a rebound.
6:43 of 3rd period - Slapshot by Byron Bitz.
6:43 of 3rd period - Shot Misses the Net.
6:45 of 3rd period - Snap shot by Steve Ott.
6:45 of 3rd period - Shot Misses the Net.
6:46 of 3rd period - Minor Penalty to Mathieu Dandenault for Tripping.
6:47 of 3rd period - Jason Spezza wins face-off versus Peter Forsberg in Red Wings zone.
7:57 of 3rd period - Icing by Alex Goligoski.
7:58 of 3rd period - Jason Spezza wins face-off versus Dustin Penner in Maple Leafs zone.
8:06 of 3rd period - Off-side.
8:07 of 3rd period - Peter Forsberg wins face-off versus Jan Bulis in neutral zone.
8:32 of 3rd period - Branislav Mezei is hit by Eric Brewer and loses puck.
8:46 of 3rd period - Penalty to Mathieu Dandenault is over, Mathieu Dandenault is back on ice.
9:23 of 3rd period - Snap shot by Lubos Bartecko.
9:23 of 3rd period - Stopped by Mike Dunham with a rebound.
9:25 of 3rd period - Slapshot by Brian Pothier.
9:25 of 3rd period - Stopped by Mike Dunham with a rebound.
9:27 of 3rd period - Snap shot by Mike York.
9:27 of 3rd period - Shot Blocked by Brett Clark.
9:42 of 3rd period - Icing by Mathieu Dandenault.
9:43 of 3rd period - Peter Forsberg wins face-off versus Brian Sutherby in Red Wings zone.
9:58 of 3rd period - Slapshot by Dion Phaneuf.
9:58 of 3rd period - Shot Misses the Net.
10:16 of 3rd period - Wrist shot by Derek Roy.
10:16 of 3rd period - Stopped by Jonathan Quick without a rebound.
10:17 of 3rd period - Jason Spezza wins face-off versus Derek Roy in Red Wings zone.
10:26 of 3rd period - Slapshot by Jason Spezza.
10:26 of 3rd period - Stopped by Mike Dunham with a rebound.
10:28 of 3rd period - Slapshot by Paul Martin.
10:28 of 3rd period - Deflect By Sean Bergenheim.
10:28 of 3rd period - Shot Blocked by Derek Roy.
10:28 of 3rd period - Puck is out of play.
10:29 of 3rd period - Peter Forsberg wins face-off versus Jarome Iginla in Maple Leafs zone.
10:55 of 3rd period - Kim Johnsson is hit by Derek Roy and loses puck.
11:07 of 3rd period - Minor Penalty to Martin Straka for Interference.
11:08 of 3rd period - Peter Forsberg wins face-off versus Jarome Iginla in Red Wings zone.
11:16 of 3rd period - Icing by Claude Giroux.
11:17 of 3rd period - Peter Forsberg wins face-off versus Jason Spezza in Maple Leafs zone.
11:56 of 3rd period - Slapshot by Brad Boyes.
11:56 of 3rd period - Stopped by Jonathan Quick without a rebound.
11:57 of 3rd period - Jason Spezza wins face-off versus Derek Roy in Red Wings zone.
12:31 of 3rd period - Minor Penalty to Johnny Oduya for Slashing.
12:32 of 3rd period - Jason Spezza wins face-off versus Peter Forsberg in Red Wings zone.
12:45 of 3rd period - Slapshot by Claude Giroux.
12:45 of 3rd period - Stopped by Jonathan Quick with a rebound.
12:47 of 3rd period - Snap shot by Peter Forsberg.
12:47 of 3rd period - Stopped by Jonathan Quick without a rebound.
12:48 of 3rd period - Peter Forsberg wins face-off versus Jason Spezza in Red Wings zone.
12:53 of 3rd period - Snap shot by Claude Giroux.
12:53 of 3rd period - Shot Misses the Net.
12:55 of 3rd period - Snap shot by Claude Giroux.
12:55 of 3rd period - Goal by Claude Giroux - Maple Leafs : 3 - Red Wings : 1.
12:56 of 3rd period - Peter Forsberg wins face-off versus Jason Spezza in neutral zone.
13:53 of 3rd period - Brian Pothier is hit by Dustin Penner and loses puck.
14:07 of 3rd period - Off-side.
14:08 of 3rd period - Jan Bulis wins face-off versus Peter Forsberg in neutral zone.
14:13 of 3rd period - Slapshot by Christian Backman.
14:13 of 3rd period - Stopped by Mike Dunham with a rebound.
14:26 of 3rd period - Minor Penalty to Branislav Mezei for High sticking.
14:27 of 3rd period - Peter Forsberg wins face-off versus Jason Spezza in Red Wings zone.
14:28 of 3rd period - Slapshot by Claude Giroux.
14:28 of 3rd period - Stopped by Jonathan Quick with a rebound.
14:30 of 3rd period - Slapshot by Zach Parise.
14:30 of 3rd period - Stopped by Jonathan Quick with a rebound.
14:31 of 3rd period - Penalty to Johnny Oduya is over, Johnny Oduya is back on ice.
14:32 of 3rd period - Slapshot by Dion Phaneuf.
14:32 of 3rd period - Deflect By Peter Forsberg.
14:32 of 3rd period - Shot Misses the Net.
14:32 of 3rd period - Puck is out of play.
14:33 of 3rd period - Peter Forsberg wins face-off versus Jason Spezza in Red Wings zone.
14:40 of 3rd period - Jason Spezza is hit by Peter Forsberg and loses puck.
15:35 of 3rd period - Jason Spezza is hit by Peter Forsberg and loses puck.
16:26 of 3rd period - Penalty to Branislav Mezei is over, Branislav Mezei is back on ice.
16:50 of 3rd period - Snap shot by Branislav Mezei.
16:50 of 3rd period - Stopped by Mike Dunham without a rebound.
16:51 of 3rd period - Paul Stastny wins face-off versus Martin Straka in Maple Leafs zone.
16:58 of 3rd period - Slapshot by Martin Straka.
16:58 of 3rd period - Stopped by Mike Dunham without a rebound.
16:59 of 3rd period - Martin Straka wins face-off versus Paul Stastny in Maple Leafs zone.
17:13 of 3rd period - Minor Penalty to Steve Ott for Tripping.
17:14 of 3rd period - Jason Spezza wins face-off versus Peter Forsberg in Maple Leafs zone.
17:29 of 3rd period - Wrist shot by Jason Spezza.
17:29 of 3rd period - Shot Misses the Net.
17:49 of 3rd period - Snap shot by Kim Johnsson.
17:49 of 3rd period - Shot Blocked by Eric Brewer.
18:46 of 3rd period - Rob Niedermayer is hit by Jarome Iginla and loses puck.
19:13 of 3rd period - Penalty to Steve Ott is over, Steve Ott is back on ice.


Output by the SimonT Hockey Simulator (STHS) for François Prévost -- Original Page W3C XHTML 1.0 Valid
Hockey Simulator - Hockey Simulation - Hockey Manager